 Dungeon Crawl Stone Soup version 0.21.1-1-g345015fe64 (webtiles) character file.

681 Delanovic the Cruncher (level 7, 0/56 HPs)
             Began as a Minotaur Gladiator on Apr 28, 2018.
             Slain by an ice beast (6 damage)
             ... on level 4 of the Dungeon.
             The game lasted 00:07:18 (4075 turns).

Delanovic the Cruncher (Minotaur Gladiator)         Turns: 4075, Time: 00:07:18

Health: 0/56       AC:  3    Str: 22 (23) XL:     7   Next: 34%
Magic:  6/6        EV: 12    Int:  2 (5)  God:
Gold:   178        SH:  0    Dex: 11 (14) Spells: 6/6 levels left

rFire    + . .     SeeInvis .   a - +0 quarterstaff
rCold    + . .     Gourm    .   (shield currently unavailable)
rNeg     . . .     Faith    .   b - +0 leather armour
rPois    +         Spirit   .   c - +0 hat
rElec    +         Reflect  .   (no cloak)
rCorr    +         Harm     .   (no gloves)
MR       .....                  (no boots)
Stlth    +.........             (no amulet)
HPRegen  0.18/turn              (no ring)
MPRegen  0.10/turn              (no ring)

@: mighty, resistant, hasted, very quick
A: retaliatory headbutt, horns 2
a: no special abilities


You were on level 4 of the Dungeon.
You were hungry.

You visited 1 branch of the dungeon, and saw 5 of its levels.

You collected 178 gold pieces.

Inventory:

Hand Weapons
 a - a +0 quarterstaff (weapon)
Missiles
 d - 3 throwing nets (quivered)
Armour
 b - a +0 leather armour (worn)
 c - a +0 hat (worn)
Scrolls
 g - a scroll of enchant weapon {unknown}
 h - 2 scrolls of identify {unknown}
 i - a scroll of noise {unknown}
 j - a scroll of blinking {unknown}
 k - 2 scrolls of teleportation {unknown}
 m - a scroll of immolation {unknown}
 p - a scroll of enchant armour {unknown}
 r - a scroll of amnesia {unknown}
Potions
 l - a potion of degeneration
 n - a potion of might
Comestibles
 f - 5 rations


   Skills:
 - Level 2.4 Fighting
 * Level 10.2 Staves
 - Level 2.0 Throwing
 - Level 1.0 Armour
 - Level 3.2 Dodging


You had 6 spell levels left.
You didn't know any spells.

Dungeon Overview and Level Annotations

Branches:
Dungeon (5/15)
 Temple: D:4-7

Altars:
Cheibriados
Nemelex Xobeh


Innate Abilities, Weirdness & Mutations

You reflexively headbutt those who attack you in melee.
You have a pair of horns on your head.


Message History

The ice beast barely misses you.
You barely miss the ice beast.
It was a potion of might.
You feel very mighty all of a sudden.
The ice beast hits you but does no damage.
You closely miss the ice beast. The ice beast hits you.
The ice beast freezes you!
* * * LOW HITPOINT WARNING * * *
It was a potion of resistance.
You feel protected. The ice beast barely misses you.
It was a potion of haste.
You feel yourself speed up. The ice beast hits you.
* * * LOW HITPOINT WARNING * * *
The ice beast freezes you. You resist.
* * * LOW HITPOINT WARNING * * *
It was a potion of magic.
Magic courses through your body. The ice beast hits you.
* * * LOW HITPOINT WARNING * * *
The ice beast freezes you. You resist.
You die...

# #########
##..##.... #.........
#......... ##'###..<.
##### ##.>######
##@Y.## #.........
#.....# #.........
#.....# #..<......
####..#######..####..
#..#..###.#########..
#................#...
#..^.............#...
#................'...
#................#...


You could see an ice beast.

Vanquished Creatures
  The ghost of tensugalgo the Ruffian, an amateur TrMo (D:3)
  A phantom (D:4)
  An ogre (D:4)
  A scorpion (D:2)
  A centaur skeleton (D:4)
  2 hounds
  An orc wizard (D:4)
  A worker ant (D:4)
  3 gnolls (D:4)
  4 adders
  An ooze (D:1)
  An adder skeleton (D:4)
  A worm (D:3)
  2 dart slugs
  3 leopard geckos
  9 orcs
  7 bats
  2 giant cockroaches (D:4)
  9 hobgoblins
  4 jackals (D:4)
  7 kobolds
  3 quokkas
  5 ball pythons
  A ball python skeleton (D:4)
  5 frilled lizards
  12 goblins
  A leopard gecko skeleton (D:4)
  3 rats
92 creatures vanquished.

Notes
Turn   | Place    | Note
-------+----------+-------------------------------------------
     0 | D:1      | Delanovic the Minotaur Gladiator began the quest for the Orb.
     0 | D:1      | Reached XP level 1. HP: 18/18 MP: 0/0
   173 | D:1      | Reached skill level 4 in Staves
   277 | D:1      | Reached XP level 2. HP: 23/25 MP: 1/1
   695 | D:1      | Reached skill level 1 in Armour
   725 | D:1      | Reached XP level 3. HP: 27/30 MP: 2/2
   891 | D:1      | Reached skill level 5 in Staves
  1890 | D:2      | Noticed a scorpion
  1897 | D:2      | Killed a scorpion
  1897 | D:2      | Reached skill level 6 in Staves
  1897 | D:2      | Reached XP level 4. HP: 34/37 MP: 3/3
  2115 | D:3      | Found a sparkling altar of Nemelex Xobeh.
  2130 | D:3      | Noticed tensugalgo's ghost (amateur TrMo)
  2162 | D:3      | Killed tensugalgo's ghost
  2162 | D:3      | Reached skill level 8 in Staves
  2162 | D:3      | Reached XP level 5. HP: 42/42 MP: 4/4
  2167 | D:3      | Reached XP level 6. HP: 25/50 MP: 5/5
  2623 | D:3      | Found a snail-covered altar of Cheibriados.
  3079 | D:4      | Reached skill level 9 in Staves
  3349 | D:4      | Reached XP level 7. HP: 37/56 MP: 6/6
  3754 | D:4      | Reached skill level 10 in Staves
  4059 | D:5      | Entered Level 5 of the Dungeon
  4075 | D:4      | Slain by an ice beast

Skill      XL: |  1  2  3  4  5  6  7 |
---------------+----------------------+-----
Staves         | 4 6 8 9 10 | 10.2
Armour         | 1 |  1.0
Fighting       | |  2.4
Throwing       | |  2.0
Dodging        | |  3.2

Action                   |  1- 3 |  4- 6 |  7- 9 || total
-------------------------+-------+-------+-------++-------
Melee: Quarterstaff      |    73 |   110 |    51 ||   234
       Headbutt          |    13 |    11 |     9 ||    33
  Use: Potion            |       |     3 |     5 ||     8
  Eat: Chunk             |     2 |     2 |     2 ||     6
       Ration            |       |     1 |       ||     1
Armor: Leather armour    |    11 |    11 |    10 ||    32
       Skin              |       |    13 |       ||    13
Dodge: Dodged            |    50 |    46 |    29 ||   125
